 Dungeon Crawl Stone Soup version 0.30-a0-743-gbfdf073431 (webtiles) character file.

Game seed: 5544065596457188468

176816 DEFE the Impassioned (level 17, -12/128 HPs)
             Began as a Demonspawn Wanderer on Feb 6, 2023.
             Was a High Priest of Uskayaw.
             Killed from afar by an ironbound frostheart (39 damage)
             ... by creeping frost
             ... on level 1 of the Vaults on Feb 7, 2023.
             The game lasted 00:47:36 (32420 turns).

DEFE the Impassioned (Demonspawn Wanderer)         Turns: 32420, Time: 00:47:37

Health: -12/128    AC: 25    Str: 19    XL:     17   Next: 24%
Magic:  30/30      EV: 11    Int: 12    God:    Uskayaw [*****.]
Gold:   2562       SH:  4    Dex: 18    Spells: 26/32 levels left

rFire   . . .      SeeInvis +      - Unarmed
rCold   . . .      Faith    +    (no shield)
rNeg    . . .      Spirit   .    l - +1 plate armour
rPois   .          Reflect  .    O - +1 helmet of Xom, Telling {Rampage Dex+6}
rElec   .          Harm     .    z - +2 cloak {Stlth+}
rCorr   .          Rampage  +    (gloves unavailable)
Will    ++...                    (boots unavailable) Stlth
                                 Z - amulet of faith
HPRegen 0.41/turn                B - ring of see invisible
MPRegen 0.22/turn                L - ring of wizardry

@: about to teleport
A: claws 3, hooves 3, icemail 1, powered by death 2, condensation shield,
demonic willpower, weakness stinger 2, clumsy 1, dopey 1
}: 1/15 runes: decaying
a: Renounce Religion, Stomp, Line Pass, Grand Finale


You were on level 1 of the Vaults.
You worshipped Uskayaw.
Uskayaw was most pleased with you.
You visited 7 branches of the dungeon, and saw 29 of its levels.

You collected 3560 gold pieces.
You spent 998 gold pieces at shops.

Inventory:

Hand Weapons
 w - a +0 morningstar
 y - the +6 war axe of Wondrous Power {spect, rPois rF- rN+}
   (You found it on level 7 of the Dungeon)

   rF:        It makes you vulnerable to fire.
   rPois:     It protects you from poison.
   rN:        It protects you from negative energy.
Missiles
 S - 3 curare-tipped darts (quivered)
Armour
 l - a +1 plate armour (worn)
 z - a +2 cloak of stealth (worn)
 J - a +2 robe of positive energy
 O - the +1 helmet of Xom, Telling (worn) {Rampage Dex+6}
   (You bought it in a shop on level 2 of the Orcish Mines)

   Dex:       It affects your dexterity (+6).
   Rampage:   It bestows one free step when moving towards enemies.
 P - a +2 leather armour of poison resistance
 W - +0 swamp dragon scales
Jewellery
 f - a ring of positive energy
 m - an amulet of regeneration
 v - a ring of fire
 B - a ring of see invisible (left claw)
 E - an amulet of guardian spirit
 L - a ring of wizardry (right claw)
 Z - an amulet of faith (around neck)
Wands
 q - a wand of flame (49)
 G - a wand of polymorph (15)
 H - a wand of digging (9)
 X - a wand of iceblast (11)
 Y - a wand of light (13)
Scrolls
 a - 4 scrolls of poison
 b - 11 scrolls of teleportation
 h - 7 scrolls of amnesia
 k - 2 scrolls of enchant armour
 n - 7 scrolls of magic mapping
 o - 4 scrolls of noise
 r - 6 scrolls of immolation
 t - 6 scrolls of vulnerability
 D - 4 scrolls of identify
 F - 3 scrolls of torment
 I - 4 scrolls of fear
 N - 2 scrolls of fog
 Q - 6 scrolls of enchant weapon
 T - 2 scrolls of brand weapon
Potions
 c - a potion of magic
 e - 2 potions of attraction
 g - 10 potions of flight
 i - 6 potions of invisibility
 j - 4 potions of haste
 u - 2 potions of resistance
 x - 3 potions of berserk rage
 A - 4 potions of might
 C - 3 potions of mutation
 K - a potion of ambrosia
 M - 4 potions of lignification
 R - 3 potions of heal wounds
 V - 10 potions of curing
Miscellaneous
 U - a lightning rod (4/4)


   Skills:
 - Level 10.0 Fighting
 - Level 4.2 Maces & Flails
 - Level 1.0 Throwing
 - Level 10.1 Armour
 - Level 10.3 Dodging
 - Level 15.0 Unarmed Combat
 + Level 8.3 Spellcasting
 + Level 8.0 Transmutations
 - Level 1.7 Ice Magic
 + Level 8.0 Earth Magic
 - Level 3.0 Poison Magic
 - Level 18.0 Invocations


You had 26 spell levels left.
You knew the following spells:

 Your Spells              Type           Power      Damage    Failure   Level
a - Statue Form           Tmut/Erth      16%        N/A       99%         6

Your spell library contained the following spells:

 Spells                   Type           Power      Damage    Failure   Level
 Sting                    Tmut/Pois      72%        1d6       12%         1
 Petrify                  Tmut/Erth      24%        N/A       36%         4
 Freeze                   Ice            36%        1d5       45%         1
 Poisonous Vapours        Pois/Air       16%        N/A       61%         2
 Shock                    Conj/Air       20%        1d4       69%         1
 Cigotuvi's Dreadful Rot  Necr/Pois/Air  14%        N/A       69%         2
 Lee's Rapid Deconstruct  Erth           12%        3d8*      69%         5
 Ozocubu's Armour         Ice            9%         N/A       80%         3
 Lesser Beckoning         Tloc           10%        N/A       82%         2
 Mephitic Cloud           Conj/Pois/Air  7%         N/A       88%         3
 Hailstorm                Conj/Ice       7%         3d4       89%         3
 Gell's Gravitas          Tloc           5%         N/A       95%         3
 Kindle Blastsparks       Fire/Tloc/Air  10%        2d10      95%         3
 Swiftness                Air            5%         N/A       95%         3
 Teleport Other           Tloc           5%         N/A       95%         3
 Olgreb's Toxic Radiance  Pois           12%        N/A       95%         4
 Airstrike                Air            2%         2d(1-17)  100%        4
 Fulminant Prism          Conj/Hex       2%         3d5       100%        4
 Iskenderun's Mystic Bla  Conj/Tloc      5%         2d3       100%        4
 Summon Lightning Spire   Summ/Air       5%         N/A       100%        4
 Metabolic Englaciation   Hex/Ice        3%         N/A       100%        5
 Simulacrum               Ice/Necr       3%         N/A       100%        6
 Ozocubu's Refrigeration  Ice            4%         4d8       100%        7
 Storm Form               Tmut/Air       7%         N/A       100%        7
 Ignition                 Fire           2%         3d3       100%        8
 Maxwell's Capacitive Co  Air            2%         ∞         100%        8
 Chain Lightning          Conj/Air       2%         3d3       100%        9
 Fire Storm               Conj/Fire      2%         8d1       100%        9
 Shatter                  Erth           12%        3d13*     100%        9


Dungeon Overview and Level Annotations

Branches:
Dungeon (15/15)            Temple (1/1) D:4            Lair (5/5) D:11
  Swamp (4/4) Lair:3        Snake (1/4) Lair:2        Slime (0/5) Lair:4
    Orc (2/2) D:10            Elf (0/3) Orc:2        Vaults (1/5) D:14
 Depths (0/4) D:15

Altars:
Ashenzari
Cheibriados
Dithmenos
Fedhas
Gozag
Hepliaklqana
Kikubaaqudgha
Makhleb
Nemelex Xobeh
Okawaru
Qazlal
Ru
Sif Muna
Trog
Uskayaw
Vehumet
Wu Jian
Xom
Yredelemnul

Shops:
D:2 (   Orc:2 :(?[   Vaults:1 (

Portals:
Trove: D:10 (give 5 scrolls of fog)

Annotations:
D:4 2 transporters, crabbyslav's ghost, amateur TrHW
D:7 1 exclusion
D:8 2 transporters, Svetislav95's ghost, novice HuBe
D:10 3 runed translucent doors, Heedrag's ghost, journeyman DsCj
Snake:1 Louise


Innate Abilities, Weirdness & Mutations

You have claws for hands.
You have hooves in place of feet.
A meltable icy envelope protects you from harm. (AC +4)
You regenerate health from kills.
A meltable shield of frost defends you. (SH +4)
You punish those that try to bend your will. (Will+)
You have a tail ending in a sharp stinger.
You are clumsy. (Dex -2)
You are dopey. (Int -2)


Message History

Unknown command.
You completely miss the dire elephant. You kick the dire elephant.
You tail-slap the dire elephant. You claw the dire elephant!
The dire elephant tramples you but does no damage.
The dire elephant trunk-slaps you but does no damage.
You scratch the dire elephant but do no damage.
You kick the dire elephant!! The dire elephant barely misses you.
The dire elephant trunk-slaps you but does no damage.
The dire elephant tramples you!!!
You hold your ground!
The dire elephant trunk-slaps you. The dire elephant tramples you.
You hold your ground!
The dire elephant trunk-slaps you!
The ironbound convoker begins to recite a word of recall!
You take 62 damage, and have 65/128 hp.
MASSIVE DAMAGE!!
You claw the dire elephant!
You kill the dire elephant!
You block the dire elephant's attack. The dire elephant trunk-slaps you.
The dire elephant tramples you!!
* * * LOW HITPOINT WARNING * * *
You hold your ground!
The dire elephant trunk-slaps you but does no damage.
You can now merge with and destroy a victim.
You take 33 damage, and have 32/128 hp.
MASSIVE DAMAGE!!
As you read the scroll of teleportation, it crumbles to dust.
You feel strangely unstable. The dire elephant tramples you.
* * * LOW HITPOINT WARNING * * *
You hold your ground!
The dire elephant trunk-slaps you.
* * * LOW HITPOINT WARNING * * *
The dire elephant tramples you but does no damage.
The dire elephant barely misses you.
You take 6 damage, and have 26/128 hp.
Unknown command.
The ironbound frostheart is recalled.
The vault sentinel is recalled.
The ironbound convoker is no longer sharing its pain.
An ironbound frostheart comes into view.
The ironbound frostheart calls freezing cold from the walls.
The frost grips you!!!
You die...

#.# ##.# ### ### # #.##
.......# #.## #.#.#.
#.## .!p. #.##
####+###Y######## #.##
.......pYp......# ##.#
...#..@#.....#.# #.#
................# ##.
########'##############'
.......)..)............
...........†...........
.........###########..#
######...# #..# #...#
#..# #...# #..#


You could see 2 dire elephants, an ironbound frostheart, a vault sentinel and an
ironbound convoker (catching breath).

Vanquished Creatures
  the Lernaean hydra (Swamp:4)
  Jorgrun (D:12)
  Gastronok (D:12)
  A thorn hunter (Swamp:3)
  Roxanne (D:15)
  A very ugly thing (D:15)
  3 ironbound preservers
  A war gargoyle (Vaults:1)
  2 ironbound thunderhulks (Vaults:1)
  Nessos (Lair:4)
  6 dire elephants
  A bunyip (Swamp:3)
  6 eleionomae
  A yaktaur captain (Vaults:1)
  A great orb of eyes (D:15)
  A shambling mangrove (Swamp:1)
  Erolcha (D:13)
  A ghost crab (Swamp:4)
  18 hydras
  A peacekeeper (Vaults:1)
  3 catoblepae
  3 ogre magi
  4 centaur warriors
  8 death yaks (Lair:5)
  7 boulder beetles
  9 two-headed ogres
  A merfolk avatar (Swamp:1)
  10 alligators
  A deep troll shaman (Lair:5)
  Urug (Orc:1)
  A shock serpent (Lair:2)
  Nergalle (Orc:2)
  4 goliath frogs
  4 skeletal warriors (D:15)
  13 bog bodies
  A death drake (Swamp:4)
  10 deep trolls (Vaults:1)
  Lodul (D:14)
  11 swamp dragons
  6 lindwurms (Vaults:1)
  An ironbound convoker (Vaults:1)
  3 deep elf pyromancers
  Pikel (D:6)
  5 will-o-the-wisps
  12 ugly things
  9 orc sorcerers
  4 manticores
  9 cyclopes
  28 elephants
  4 vault sentinels (Vaults:1)
  Joseph (D:10)
  9 cane toads
  A gargoyle (D:14)
  Psyche (D:9)
  2 unseen horrors (D:12)
  3 yaktaurs
  4 rime drakes
  12 komodo dragons
  3 efreet
  A tengu conjurer (D:15)
  2 trolls
  7 hornets
  5 burning bushes (Lair:1)
  Prince Ribbit (D:6)
  3 polar bears
  3 tyrant leeches
  A polar bear (shapeshifter) (D:13)
  5 blink frogs
  11 dream sheep (Lair:4)
  A tarantella (shapeshifter) (D:15)
  16 slime creatures
  7 spriggans
  A jumping spider (shapeshifter) (D:14)
  3 wraiths
  2 centaur simulacra (D:15)
  2 shadows
  4 wyverns
  4 water elementals (D:10)
  23 yaks
  4 basilisks
  15 vampire mosquitoes
  A steam dragon (D:7)
  Grum (D:11)
  6 wargs
  Menkaure (D:7)
  3 nagas (Lair:2)
  13 swamp worms
  4 acid dragons
  15 water moccasins
  2 sky beasts
  A black bear (shapeshifter) (D:15)
  7 swamp drakes (Swamp:4)
  2 ice beasts (D:7)
  8 orc warriors
  3 black bears
  3 boggarts (D:14)
  21 ogres
  33 wolves
  7 centaurs
  4 kobold brigands
  A necrophage (D:7)
  A scorpion (D:6)
  13 bullfrogs
  A gnoll sergeant (D:11)
  3 wights (D:9)
  3 killer bees (D:10)
  4 howler monkeys
  A hound (D:4)
  6 jellies
  10 orc priests
  3 iguanas
  24 orc wizards
  4 adders
  9 gnolls
  2 shadow imps
  A white imp (D:7)
  An ufetubus (D:6)
  7 dart slugs
  56 orcs
  8 endoplasms
  5 giant cockroaches
  5 hobgoblins
  12 jackals
  5 quokkas
  8 ball pythons
  8 bats
  3 frilled lizards
  8 goblins
  22 kobolds
  6 rats
  3 butterflies (Lair:4)
760 creatures vanquished.

Vanquished Creatures (collateral kills)
  3 elephants (Lair:4)
  A komodo dragon (Lair:4)
  A blink frog (Lair:4)
  A hornet (Swamp:3)
  A spriggan (Swamp:3)
  A bullfrog (Lair:4)
8 creatures vanquished.

Vanquished Creatures (others)
  An ugly thing (D:15)
  4 bloated husks
  A hornet (D:9)
  2 vampire mosquitoes (Swamp:1)
  An orc wizard (Orc:2)
  2 briar patches (Swamp:3)
  A bush (Lair:1)
  11 foxfires
  30 fungi
  26 plants
79 creatures vanquished.

Grand Total: 847 creatures vanquished

Notes
Turn   | Place    | Note
-------+----------+-------------------------------------------
     0 | D:1      | DEFE the Demonspawn Wanderer began the quest for the Orb.
     0 | D:1      | DEFE set off with the following items: a +0 dagger, a
                  | scroll of teleportation, a +0 robe, a +0 pair of boots; and
                  | the following spells available to memorise: Freeze, Sting,
                  | Poisonous Vapours, Hailstorm, Olgreb's Toxic Radiance.
     0 | D:1      | Reached XP level 1. HP: 13/13 MP: 3/3
   173 | D:1      | Reached skill level 1 in Fighting
   204 | D:1      | Reached skill level 1 in Maces & Flails
   204 | D:1      | Discovered your monstrous ancestry.
   204 | D:1      | Gained mutation: You have large cloven feet. [demonic
                  | ancestry]
   204 | D:1      | Reached XP level 2. HP: 14/21 MP: 5/5
   351 | D:1      | Reached skill level 1 in Unarmed Combat
   876 | D:2      | Gained mutation: You regenerate a little health from kills.
                  | [demonic ancestry]
   876 | D:2      | Reached XP level 3. HP: 26/26 MP: 6/6
  1103 | D:2      | Found Haoha's Weapon Shoppe.
  1539 | D:3      | Gained mutation: A meltable shield of frost defends you.
                  | (SH +4) [demonic ancestry]
  1539 | D:3      | Reached XP level 4. HP: 32/32 MP: 7/7
  2002 | D:3      | Gained mutation: You have a small tail. [demonic ancestry]
  2002 | D:3      | Reached XP level 5. HP: 37/37 MP: 8/8
  2580 | D:4      | Noticed a black bear
  2587 | D:4      | Killed a black bear
  2588 | D:4      | Gained mutation: You regenerate health from kills. [demonic
                  | ancestry]
  2588 | D:4      | Reached XP level 6. HP: 22/43 MP: 9/9
  2790 | D:4      | Found a transporter.
  2796 | D:4      | Noticed crabbyslav's ghost (amateur TrHW)
  2904 | D:4      | Found a transporter.
  2967 | D:4      | Found a staircase to the Ecumenical Temple.
  2975 | Temple   | Entered the Ecumenical Temple
  2975 | Temple   | Found a transporter.
  2975 | Temple   | Found a transporter.
  2977 | Temple   | Found a transporter.
  2977 | Temple   | Found a transporter.
  3109 | D:4      | Found a faded altar of an unknown god.
  3109 | D:4      | Found a radiant altar of Vehumet.
  3117 | D:4      | Found a basalt altar of Yredelemnul.
  3119 | D:4      | Found a stormy altar of Qazlal.
  3121 | D:4      | Found an iron altar of Okawaru.
  3297 | D:5      | Entered Level 5 of the Dungeon
  3427 | D:5      | Noticed a water moccasin
  3427 | D:5      | You fall into a shaft and drop 2 floors!
  3435 | D:7      | Noticed an ice beast
  3457 | D:7      | Killed an ice beast
  3458 | D:7      | Reached skill level 5 in Unarmed Combat
  3466 | D:7      | Noticed a steam dragon
  3482 | D:7      | Killed a steam dragon
  3483 | D:7      | Gained mutation: You have sharp fingernails. [demonic
                  | ancestry]
  3483 | D:7      | Reached XP level 7. HP: 32/48 MP: 10/10
  3736 | D:7      | Noticed a wraith
  3742 | D:7      | Identified the +6 war axe of Wondrous Power {spect, rPois
                  | rF- rN+}
  3970 | D:7      | Noticed a wyvern
  4228 | D:7      | Gained mutation: You have hoof-like feet. [demonic
                  | ancestry]
  4228 | D:7      | Reached XP level 8. HP: 54/54 MP: 11/11
  4401 | D:6      | Noticed Pikel
  4420 | D:6      | Killed Pikel
  4613 | D:6      | Found a snail-covered altar of Cheibriados.
  4702 | D:6      | Noticed Prince Ribbit
  4744 | D:6      | Killed Prince Ribbit
  4745 | D:6      | Gained mutation: You have very sharp fingernails. [demonic
                  | ancestry]
  4745 | D:6      | Reached XP level 9. HP: 58/59 MP: 12/12
  4915 | D:6      | Reached skill level 10 in Unarmed Combat
  5626 | D:7      | Found a hide-covered altar of Uskayaw.
  5771 | D:7      | Noticed Menkaure
  5788 | D:7      | Killed Menkaure
  5909 | D:7      | Noticed a cyclops
  5933 | D:7      | Killed a cyclops
  6294 | D:7      | DEFE: !rng ru usk gozag jiv
  6294 | D:7      | beem: The RNG chooses: gozag.
  6314 | D:7      | DEFE: !rng ru usk jiv
  6314 | D:7      | beem: The RNG chooses: usk.
  6345 | D:7      | Became a worshipper of Uskayaw the Reveller
  6405 | D:8      | Reached * piety under Uskayaw
  6408 | D:8      | Reached skill level 1 in Invocations
  6456 | D:8      | Reached ** piety under Uskayaw
  6475 | D:8      | Reached skill level 2 in Invocations
  6587 | D:8      | Found a transporter.
  6747 | D:8      | Found a transporter.
  6750 | D:8      | Noticed Svetislav95's ghost (novice HuBe)
  6777 | D:8      | Noticed a manticore
  6938 | D:9      | Reached *** piety under Uskayaw
  6942 | D:9      | Reached **** piety under Uskayaw
  6980 | D:9      | Gained mutation: A meltable icy envelope protects you from
                  | harm. (AC +4) [demonic ancestry]
  6980 | D:9      | Reached XP level 10. HP: 42/62 MP: 13/13
  7005 | D:9      | Reached skill level 3 in Invocations
  7018 | D:9      | Reached ***** piety under Uskayaw
  7078 | D:9      | Reached skill level 4 in Invocations
  7232 | D:9      | Paralysed by a hornet for 3 turns
  7236 | D:9      | Noticed Psyche
  7241 | D:9      | Reached skill level 5 in Invocations
  7474 | D:9      | Killed Psyche
  7558 | D:9      | Found a shimmering blue altar of Sif Muna.
  7597 | D:10     | Entered Level 10 of the Dungeon
  7654 | D:10     | Found a portal to a secret trove of treasure.
  7695 | D:10     | Reached skill level 6 in Invocations
  7790 | D:10     | Noticed Joseph
  7820 | D:10     | Killed Joseph
  7821 | D:10     | Reached skill level 5 in Fighting
  7890 | D:10     | Found a sacrificial altar of Ru.
  7913 | D:10     | Reached skill level 7 in Invocations
  7984 | D:10     | Noticed a centaur warrior
  7997 | D:10     | Killed a centaur warrior
  7998 | D:10     | Gained mutation: You have hooves in place of feet. [demonic
                  | ancestry]
  7998 | D:10     | Reached XP level 11. HP: 21/81 MP: 16/16
  8092 | D:10     | Found a runed translucent gate.
  8093 | D:10     | Found a runed translucent gate.
  8094 | D:10     | Found a runed translucent gate.
  8096 | D:10     | Noticed Heedrag's ghost (journeyman DsCj)
  8446 | D:10     | Found a staircase to the Orcish Mines.
  8482 | D:10     | Reached skill level 8 in Invocations
  9169 | D:11     | Found a staircase to the Lair.
  9184 | D:11     | Identified the +1 ring mail of Fortification {rF- Will+
                  | Str+6}
  9265 | D:11     | Found a burning altar of Makhleb.
  9519 | D:11     | Noticed Grum
  9538 | D:11     | Killed Grum
  9577 | D:11     | Reached skill level 9 in Invocations
  9664 | Lair:1   | Entered Level 1 of the Lair of Beasts
  9731 | Lair:1   | Reached skill level 1 in Armour
  9749 | Lair:1   | HP: 3/84 [poisoned by a cane toad]
 10094 | Lair:1   | Reached skill level 10 in Invocations
 10155 | Lair:1   | Reached XP level 12. HP: 92/92 MP: 19/19
 10712 | Lair:2   | Reached ****** piety under Uskayaw
 11397 | Lair:2   | Found a staircase to the Snake Pit.
 11597 | Lair:3   | Reached skill level 11 in Invocations
 11718 | Lair:3   | Found a staircase to the Swamp.
 11724 | Lair:3   | Reached skill level 5 in Dodging
 12533 | Lair:4   | Found a staircase to the Slime Pits.
 12570 | Lair:4   | Noticed a boulder beetle
 12584 | Lair:4   | Killed a boulder beetle
 12585 | Lair:4   | Reached skill level 5 in Armour
 12635 | Lair:4   | Noticed Nessos
 12710 | Lair:4   | Gained mutation: You punish those that try to bend your
                  | will. (Will+) [demonic ancestry]
 12710 | Lair:4   | Reached XP level 13. HP: 101/101 MP: 21/21
 12741 | Lair:4   | Your ally Nessos died
 12742 | Lair:4   | Reached skill level 12 in Invocations
 13908 | Lair:5   | Entered Level 5 of the Lair of Beasts
 14071 | Lair:5   | Reached skill level 10 in Fighting
 14101 | Lair:5   | Noticed a dire elephant
 14123 | Lair:5   | Killed a dire elephant
 14124 | Lair:5   | Reached skill level 13 in Invocations
 14386 | Lair:5   | Gained mutation: You have claws for hands. [demonic
                  | ancestry]
 14386 | Lair:5   | Reached XP level 14. HP: 110/110 MP: 24/24
 14671 | Lair:5   | Reached skill level 15 in Unarmed Combat
 15243 | D:12     | Noticed Jorgrun
 15259 | D:12     | Killed Jorgrun
 15260 | D:12     | Reached skill level 14 in Invocations
 15453 | D:12     | Noticed Gastronok
 15471 | D:12     | Killed Gastronok
 15659 | D:12     | Noticed Sonja
 15661 | D:12     | Sonja changed into Sonja the wyvern
 15661 | D:12     | Noticed Sonja
 15663 | D:12     | Killed Sonja the wyvern
 15839 | D:12     | Found a hide-covered altar of Uskayaw.
 16051 | D:12     | Identified the +5 short sword of the Desert {holy, rC-
                  | Int+9 SInv}
 16410 | D:13     | Identified the +5 dagger "Arcanum" {protect, Will+ Str+5
                  | Int-5 Dex+3}
 16555 | D:13     | Reached skill level 15 in Invocations
 16613 | D:13     | Noticed Erolcha
 16616 | D:13     | Killed Erolcha
 16824 | D:14     | Noticed Lodul
 16967 | D:14     | Found a broken altar of Ashenzari.
 17171 | D:14     | Killed Lodul
 17340 | D:14     | Found a gate to the Vaults.
 17340 | D:14     | Noticed an ironbound preserver
 17423 | D:14     | Reached XP level 15. HP: 68/115 MP: 26/26
 18018 | D:15     | Entered Level 15 of the Dungeon
 18034 | D:15     | Found a bloodstained altar of Trog.
 18067 | D:15     | HP: 3/115 [centaur warrior/arrow (16)]
 18741 | D:15     | Reached skill level 16 in Invocations
 18746 | D:15     | Reached skill level 10 in Dodging
 18890 | D:15     | Found a staircase to the Depths.
 18932 | D:15     | Reached skill level 10 in Armour
 18991 | D:15     | Noticed Roxanne
 19016 | D:15     | DEFE: !rng statue gda
 19016 | D:15     | beem: The RNG chooses: statue.
 19414 | D:15     | Reached skill level 17 in Invocations
 19775 | D:15     | Killed Roxanne
 19785 | D:15     | Learned a level 6 spell: Statue Form
 19982 | Orc:1    | Entered Level 1 of the Orcish Mines
 20105 | Orc:1    | Noticed Urug
 20118 | Orc:1    | Killed Urug
 20233 | Orc:2    | Entered Level 2 of the Orcish Mines
 20244 | Orc:2    | Reached skill level 1 in Earth Magic
 20250 | Orc:2    | Reached skill level 1 in Transmutations
 20273 | Orc:2    | Found a staircase to the Elven Halls.
 20732 | Orc:2    | Found Ymaes's Antique Armour Boutique.
 20760 | Orc:2    | Bought a slimy helmet for 285 gold pieces
 20760 | Orc:2    | Identified the +1 helmet of Xom, Telling {Rampage Dex+6}
                  | (You bought it in a shop on level 2 of the Orcish Mines)
 20770 | Orc:2    | Bought a runed robe for 111 gold pieces
 20790 | Orc:2    | Found a radiant altar of Vehumet.
 20798 | Orc:2    | Found Fil Bouheu's Magic Scroll Boutique.
 20804 | Orc:2    | Noticed Nergalle
 20815 | Orc:2    | Killed Nergalle
 20826 | Orc:2    | Found an ancient bone altar of Kikubaaqudgha.
 20965 | Orc:2    | Found Fippinel's Book Shop.
 21112 | Orc:2    | Found Zastretu's Antique Weapon Boutique.
 21206 | Orc:2    | Bought a scroll of blinking for 105 gold pieces
 21206 | Orc:2    | Bought a scroll of identify for 28 gold pieces
 21206 | Orc:2    | Bought a scroll of blinking for 105 gold pieces
 21206 | Orc:2    | Bought a scroll of identify for 28 gold pieces
 21206 | Orc:2    | Bought a scroll of blinking for 105 gold pieces
 21206 | Orc:2    | Bought 3 scrolls of teleportation for 126 gold pieces
 21206 | Orc:2    | Bought a scroll of magic mapping for 105 gold pieces
 21414 | Swamp:1  | Entered Level 1 of the Swamp
 21590 | Swamp:1  | Identified the +10 great sword "Hydra's Peril" {elec, rElec
                  | Str+2}
 21783 | Swamp:1  | HP: 4/106 [spriggan rider/+0 spear (17)]
 22128 | Swamp:1  | Reached skill level 18 in Invocations
 22308 | Swamp:1  | Reached XP level 16. HP: 27/117 MP: 29/29
 24480 | Swamp:3  | Reached skill level 5 in Spellcasting
 24903 | Swamp:3  | Identified a scroll of acquirement
 24910 | Swamp:3  | Acquired 849 gold pieces
 25097 | Swamp:3  | Noticed a thorn hunter
 25287 | Swamp:3  | Killed a thorn hunter
 25602 | Swamp:4  | Entered Level 4 of the Swamp
 25864 | Swamp:4  | Reached skill level 5 in Earth Magic
 25872 | Swamp:4  | Reached skill level 5 in Transmutations
 27044 | Snake:1  | Entered Level 1 of the Snake Pit
 27046 | Snake:1  | Noticed Louise
 29568 | Swamp:4  | Identified the +0 robe of Divine Freedom {*Slow rF+ Str+3
                  | Stlth+}
 29599 | Swamp:4  | Noticed the 27-headed Lernaean hydra
 30005 | Swamp:4  | Killed the 26-headed Lernaean hydra
 30159 | Swamp:4  | Got a decaying rune of Zot
 30474 | Vaults:1 | Entered Level 1 of the Vaults
 31085 | Vaults:1 | Gained mutation: You have a tail ending in a sharp stinger.
                  | [demonic ancestry]
 31085 | Vaults:1 | Reached XP level 17. HP: 128/128 MP: 24/30
 31171 | Vaults:1 | Gained mutation: You are clumsy. (Dex -2) [mutagenic glow]
 31185 | Vaults:1 | Gained mutation: You are dopey. (Int -2) [mutagenic glow]
 31845 | Vaults:1 | Found Riwkiez's Weapon Shop.
 32420 | Vaults:1 | Killed from afar by an ironbound frostheart

Illustrated notes

Levels and vault maps discovered:
D:1:      lordsloth_arrival_two_stooges, layout_loops_cross,
          minmay_misc_feat_room
D:2:      layout_basic, serial_shops, nicolae_shop_hallway_plus
D:3:      layout_basic, minmay_increasing_density
D:4:      layout_loops_ring, chequers_temple_overflow_minitemple,
          minmay_temple_entry_nine_rooms, gammafunk_ghost_mausoleum
D:5:      layout_rooms, uniq_grinder, uniq_blork_the_orc
D:6:      layout_basic, mainiacjoe_overflow_surrounded_room,
          kennysheep_slug_shrine, uniq_pikel, uniq_prince_ribbit1
D:7:      layout_rooms, lemuel_doored_altar, wad_mini_maze, uniq_menkaure
D:8:      layout_loops_ring, nzn_ghost_randoct, hangedman_decor_riveting
D:9:      layout_rooms, lemuel_round_altar, uniq_psyche
D:10:     layout_small_grid, mainiacjoe_overflow_cross_hatched,
          hiddenorc1_lemuel, gammafunk_ghost_spectres,
          nicolae_trove_entry_columns, nicolae_underground_beach, uniq_joseph
D:11:     layout_grid_maze, lair_entry_dummy, bloody_makhleb, uniq_grum
D:12:     layout_basic, nicolae_uskayaw_dance_hall, uniq_sonja, uniq_jorgrun,
          uniq_gastronok
D:13:     layout_loops_cross, serial_bayou_pond_d, uniq_erolcha
D:14:     layout_basic, skrybe_vaults_entry_preservation,
          evilmike_ruin_ashenzari, uniq_lodul
D:15:     gammafunk_enter_depths_forms, layout_cross, serial_park_square2,
          uniq_roxanne
Temple:   hellmonk_temple_divided_pantheon
Lair:1:   layout_loops_ring, evilmike_ambush [evilmike_ambush_outer_pillars,
          evilmike_ambush_inner_pond]
Lair:2:   layout_chaotic_city, nicolae_snake_entry_squirm
Lair:3:   layout_regular_city, skrybe_swamp_entry_bodies,
          grunt_forest_stairs_clearing
Lair:4:   layout_concentric_octagons, nicolae_slime_entry_slimehenge, pond,
          grunt_megastairs_5, lemuel_fruit_fields, uniq_nessos
Lair:5:   grunt_lair_end_beastmaster, layout_cave_pods
Swamp:1:  layout_falls_marsh, hangedman_swamp_blocks, swamp_pool1,
          grunt_lady_of_the_lake, infiniplex_staircase_pool
Swamp:2:  layout_basic_swamp, evilmike_swamp_ruin_house_1, lightli_tree_ring
Swamp:3:  layout_basic_swamp, evilmike_swamp_ruin_house_4
Swamp:4:  grunt_swamp_rune_castle, layout_basic_swamp
Snake:1:  layout_layer_cave, gammafunk_ghost_split, uniq_louise, uniq_donald,
          uniq_josephine
Orc:1:    layout_diamond_mine, uniq_urug
Orc:2:    kennysheep_orc_mage_school, layout_caves, nicolae_orc_flooded_monolith
Vaults:1: vaults_mumra_hexcomb, nicolae_vaults_shelves_hall,
          nicolae_vaults_asterisk, nicolae_vaults_little_squares_4,
          nicolae_vaults_what_the_h, ontoclasm_vaults_shuriken,
          hangedman_vaults_cutoff, v_misc_12, nicolae_vaults_little_squares_3,
          hangedman_vaults_hat, nicolae_vaults_theta, layout_vaults_big_room,
          serial_shops, nicolae_shop_stone

Skill      XL: |  1  2  3  4  5  6  7  8  9 10 11 12 13 14 15 16 17 |
---------------+----------------------------------------------------+-----
Fighting       | 1 2 5 7 9 10 | 10.0
Maces & Flails | 1 2 3 4 |  4.2
Unarmed Combat | 1 2 3 4 5 7 9 11 12 13 14 15 | 15.0
Invocations    | 2 7 10 11 13 15 18 | 18.0
Dodging        | 3 5 7 9 10 | 10.3
Armour         | 2 5 7 9 10 | 10.1
Earth Magic    | 3 7 8 |  8.0
Transmutations | 3 7 8 |  8.0
Spellcasting   | 4 7 8 |  8.3
Throwing       | |  1.0
Ice Magic      | |  1.7
Poison Magic   | |  3.0

Action                     |  1- 3 |  4- 6 |  7- 9 | 10-12 | 13-15 | 16-18 || total
---------------------------+-------+-------+-------+-------+-------+-------++-------
  Melee: Dagger            |    19 |       |       |       |       |       ||    19
         Mace              |   168 |    27 |       |       |       |       ||   195
         Punch             |     4 |     7 |    13 |    44 |    99 |    66 ||   233
         Unarmed           |       |    86 |   268 |   602 |   977 |   531 ||  2464
         Whip              |       |   100 |       |       |       |       ||   100
         Tailslap          |       |    12 |    27 |    93 |   209 |   126 ||   467
         Kick              |       |       |       |   148 |   457 |   233 ||   838
         Morningstar       |       |       |       |       |     9 |       ||     9
  Throw: Throwing net      |       |       |     1 |       |       |       ||     1
         Dart              |       |       |       |       |     1 |     2 ||     3
   Cast: Statue Form       |       |       |       |       |       |     6 ||     6
 Invoke: Grand Finale      |       |       |       |       |     5 |     3 ||     8
         Stomp             |       |       |       |       |     4 |     3 ||     7
         Line Pass         |       |       |       |       |       |     1 ||     1
  Evoke: Wand              |       |       |       |     8 |    18 |     6 ||    32
         Lightning rod     |       |       |       |       |     4 |       ||     4
    Use: Potion            |       |     1 |     1 |     5 |     1 |     3 ||    11
         Scroll            |       |       |     1 |    19 |    15 |    10 ||    45
   Stab: Held in net/web   |       |       |     1 |       |       |       ||     1
         Paralysed         |       |       |     1 |    54 |   135 |    65 ||   255
         Invisible         |       |       |       |     2 |     3 |     2 ||     7
         Sleeping          |       |       |       |     1 |       |     3 ||     4
         Petrified         |       |       |       |       |    18 |       ||    18
         Petrifying        |       |       |       |       |     1 |       ||     1
         Distracted        |       |       |       |       |       |     2 ||     2
 Armour: Robe              |    14 |       |       |       |       |     2 ||    16
         Plate armour      |   177 |   187 |   119 |   433 |   429 |    37 ||  1382
         Skin              |       |    13 |     2 |       |       |    88 ||   103
         Troll leather arm |       |       |       |     4 |       |       ||     4
         Swamp dragon scal |       |       |       |       |    10 |   192 ||   202
  Dodge: Dodged            |    80 |    35 |    37 |   137 |   285 |   436 ||  1010
  Block: Other             |       |    46 |    28 |   119 |   114 |    89 ||   396

Table legend: (Time is in decaauts)
 A = Elapsed time spent in this place.
 B = Non-inter-level travel time spent in this place.
 C = Inter-level travel time spent in this place.
 D = Time resting spent in this place.
 E = Time spent auto-exploring this place.
 F = Levels seen in this place.
 G = Mean time per level.
                   A        B        C        D        E       F      G
               +--------+--------+--------+--------+--------+-----+--------+
         Total |  32325 |  30305 |   2020 |  10015 |  14831 |  29 | 1114.7 |
       Dungeon |  15281 |  14111 |   1170 |   2904 |   8382 |  15 | 1018.7 |
        Temple |     38 |     31 |      7 |      0 |      6 |   1 |   38.0 |
          Lair |   6436 |   6028 |    408 |   1819 |   3181 |   5 | 1287.2 |
         Swamp |   7965 |   7603 |    362 |   4460 |   2122 |   4 | 1991.2 |
     Snake Pit |      7 |      7 |      0 |      0 |      0 |   1 |    7.0 |
  Orcish Mines |   1259 |   1190 |     69 |    147 |    773 |   2 |  629.5 |
        Vaults |   1337 |   1337 |      0 |    684 |    367 |   1 | 1337.0 |
               +--------+--------+--------+--------+--------+-----+--------+

Top non-repeatable levels by time:
 Swamp:4: 2582 daAuts
 Swamp:3: 2454 daAuts
    D:14: 2129 daAuts
  Lair:3: 1953 daAuts
     D:7: 1807 daAuts
 Swamp:2: 1677 daAuts
    D:15: 1397 daAuts
Vaults:1: 1337 daAuts
 Swamp:1: 1249 daAuts
  Lair:4: 1215 daAuts
    D:11: 1209 daAuts
  Lair:2: 1204 daAuts
     D:6: 1129 daAuts
    D:10: 1047 daAuts
  Lair:5: 1041 daAuts
